AoeStats
← Leggy Mountbatten

Arena

510068483Analyzed
3v3 RM · 1d ago on Sep 29, 2026· 42m 38s· 6 players
Game mode
Random Map
Map size
Normal (6 player)
Population
200
Speed
Normal
Resources
Standard
Victory
Conquest
Starting age
Dark Age
Ending age
Imperial Age
RankedLock teamsTeams togetherTeam positionsShared explorationLock speedFull tech treeHidden civsTurbo modeCheats
Victory
Defeat
🇮🇳 Spanish · India
773
+11
🇨🇳 Ethiopians · China
622
+17
🇯🇵 Mongols · Japan
509
+22
🇳🇴 Teutons · Norway
741
-20
🇩🇪 Japanese · Germany
734
-20
🇬🇧 Inca · United Kingdom
467
-10
life_stuck_in_errors
11:57 Feudal Age
17:09 Castle Age
17:21 Wheelbarrow
16:34 Double-Bit Axe
21:46 Horse Collar
23:49 Caravan
25:42 Hand Cart
30:48 Imperial Age
29:09 Bloodlines
29:10 Scale Barding Armor
29:41 Heavy Plow
29:53 Bow Saw
32:51 Chemistry
31:16 Elite Conquistador
32:16 Conscription
33:01 Padded Archer Armor
34:15 Leather Archer Armor
34:25 Guard Tower
34:46 Fortified Wall
34:22 Arrowslits
35:38 Ring Archer Armor
35:29 Chain Barding Armor
35:11 Husbandry
646107374
4:52 Loom
10:31 Feudal Age
18:03 Castle Age
16:58 Double-Bit Axe
24:42 Arson
satoshi.urushiyama
0:57 Loom
13:20 Feudal Age
16:13 Double-Bit Axe
16:47 Gold Mining
22:25 Castle Age
20:59 Stone Mining
24:00 Wheelbarrow
24:36 Caravan
29:40 Bow Saw
34:25 Imperial Age
34:11 Hand Cart
36:43 Drill
36:26 Capped Ram
37:14 Onager
40:48 Siege Ram
woojt92
3:03 Loom
16:54 Feudal Age
18:32 Wheelbarrow
17:43 Town Watch
17:49 Horse Collar
17:57 Double-Bit Axe
18:12 Gold Mining
18:13 Stone Mining
19:51 Forging
19:41 Scale Mail Armor
19:33 Fletching
23:58 Castle Age
23:17 Arson
24:58 Hand Cart
24:57 Bow Saw
25:25 Gold Shaft Mining
25:18 Heavy Plow
27:42 Treadmill Crane
28:16 Guard Tower
30:45 Murder Holes
33:22 Town Patrol
36:58 Ballistics
40:01 Yasama
40:49 Iron Casting
41:37 Fortified Wall
44:07 Imperial Age
Leggy Mountbatten
0:30 Loom
11:33 Feudal Age
11:59 Horse Collar
12:11 Gold Mining
12:09 Double-Bit Axe
20:19 Castle Age
21:19 Heavy Plow
21:31 Bow Saw
21:58 Gold Shaft Mining
22:27 Stone Mining
24:07 Caravan
28:40 Stone Shaft Mining
29:25 Squires
29:11 Arson
28:47 Pikeman
32:09 Town Watch
33:00 Wheelbarrow
35:04 Forging
34:55 Scale Mail Armor
34:56 Padded Archer Armor
34:47 Fletching
35:44 Town Patrol
36:00 Hand Cart
40:55 Leather Archer Armor
40:57 Chain Mail Armor
41:19 Iron Casting
40:40 Bodkin Arrow
45:15 Imperial Age
Sinusn
2:38 Loom
11:40 Feudal Age
12:25 Horse Collar
12:32 Double-Bit Axe
20:00 Castle Age
19:40 Wheelbarrow
21:09 Bow Saw
21:00 Stone Mining
21:05 Gold Mining
22:08 Heavy Plow
22:56 Bloodlines
24:19 Town Watch
25:59 Hand Cart
26:06 Town Patrol
26:18 Caravan
27:51 Stone Shaft Mining
29:36 Scale Barding Armor
29:42 Forging
32:20 Chain Barding Armor
32:35 Iron Casting
35:13 Town Patrol
36:12 Fortified Wall
39:47 Padded Archer Armor
39:37 Fletching
Connection lost

Rejoining the realm…

Still unreachable

The connection could not be restored.

Session expired

The server has moved on; the page needs a fresh start.